[Event "Late-Titled-Tuesday-Blitz-May-14-2024"]
[Site "Chess.com"]
[Date "2024.05.14"]
[Round "6"]
[White "Siemba"]
[Black "SRob2003"]
[Result "1-0"]
[WhiteElo "2507"]
[BlackElo "2661"]
[TimeControl "180+1"]
[EndTime "15:02:10 PDT"]
[Termination "Siemba won by resignation"]

1. e4 c5 2. Nf3 Nc6 3. d4 cxd4 4. Nxd4 Nf6 5. Nc3 e5 6. Ndb5 d6 7. Bg5 a6 8. Na3 b5 9. Nd5 Be7 10. Bxf6 Bxf6 11. c3 O-O 12. Nc2 Rb8 13. a4 bxa4 14. Ncb4 Nxb4 15. cxb4 Bb7 16. Rxa4 Bxd5 17. Qxd5 Qc7 18.
Bc4 a5 19. bxa5 Rxb2 20. O-O Bd8 21. a6 Qa7 22. Qxd6 Bb6 23. Qxe5 Rd8 24. Qxb2 1-0

[Event "Late-Titled-Tuesday-Blitz-May-14-2024"]
[Site "Chess.com"]
[Date "2024.05.14"]
[Round "6"]
[White "GelmanAlexander"]
[Black "geordie_derraugh"]
[Result "1-0"]
[WhiteElo "2670"]
[BlackElo "2488"]
[TimeControl "180+1"]
[EndTime "15:02:39 PDT"]
[Termination "GelmanAlexander won by resignation"]

1. c4 Nf6 2. Nf3 e6 3. d3 d5 4. Nbd2 Be7 5. e3 O-O 6. b3 c5 7. Bb2 Nc6 8. a3 b6 9. Rg1 Bb7 10. g4 Nd7 11. g5 Qc7 12. h4 d4 13. Qe2 e5 14. Bh3 Rad8 15. h5 f5 16. gxf6 Rxf6 17.
O-O-O Na5 18. Rg3 Rdf8 19. Bxd7 Qxd7 20. Nxe5 Qe6 21. f4 dxe3 22. Qxe3 Rxf4 23. Rxg7+ Kh8 24. Ng6+ 1-0

[Event "Late-Titled-Tuesday-Blitz-May-14-2024"]
[Site "Chess.com"]
[Date "2024.05.14"]
[Round "6"]
[White "remyrushbrooke"]
[Black "JM05C"]
[Result "0-1"]
[WhiteElo "2333"]
[BlackElo "2514"]
[TimeControl "180+1"]
[EndTime "15:02:49 PDT"]
[Termination "JM05C won by checkmate"]

1. d4 Nf6 2. Nc3 d5 3. Bg5 e6 4.
e4 Be7 5. e5 Nfd7 6. Bxe7 Qxe7 7. Qg4 O-O 8. f4 f5 9. exf6 Nxf6 10. Qh4 c5 11. Bd3 Nc6 12. Nf3 cxd4 13. Ne2 Qb4+ 14. c3 dxc3 15. bxc3 Qc5 16. Ned4 Qxc3+ 17. Kf2 Nxd4 18. Rac1 Qxd3 19. Rhd1 Nxf3 20. Qg3 Ne4# 0-1

[Event "Late-Titled-Tuesday-Blitz-May-14-2024"]
[Site "Chess.com"]
[Date "2024.05.14"]
[Round "6"]
[White "pirulillo"]
[Black "DonPreuss"]
[Result "0-1"]
[WhiteElo "2400"]
[BlackElo "2217"]
[TimeControl "180+1"]
[EndTime "15:02:49 PDT"]
[Termination "DonPreuss won by resignation"]

1. e4 Nc6 2. Nc3 e5 3. Bc4 d6 4. d3 Be6 5. Bxe6 fxe6 6. Nge2 Nf6 7.
Bg5 Be7 8. Qd2 O-O 9. O-O-O Ng4 10. Be3 Nxf2 11. Bxf2 Rxf2 12. Kb1 Nd4 13. Qe3 Rxg2 14.
Nxd4 exd4 15. Qxd4 Bf6 16. Qc4 Bxc3 17. Qxe6+ Kh8 18.
bxc3 Qg5 19. Rhf1 Rxh2 20. Rf7 Qb5+ 21. Ka1 Rxc2 22. Rb1 Qxd3 0-1

[Event "Late-Titled-Tuesday-Blitz-May-14-2024"]
[Site "Chess.com"]
[Date "2024.05.14"]
[Round "6"]
[White "David_ATM"]
[Black "KaydenTroffChess"]
[Result "0-1"]
[WhiteElo "2444"]
[BlackElo "2844"]
[TimeControl "180+1"]
[EndTime "15:02:58 PDT"]
[Termination "KaydenTroffChess won by resignation"]

1. e4 c5 2. c3 g6 3. d4 cxd4 4. cxd4 d5 5. exd5 Nf6 6. Bb5+ Nbd7 7. Nc3 Bg7 8. d6 exd6 9. Nf3 O-O 10. O-O a6 11.
Bd3 b5 12. Ne4 Nxe4 13. Bxe4 Rb8 14. Bf4 Nf6 15. Bc2 Nd5 16. Bg3 Bb7 17. Re1 Rc8 18. Rc1 Nb6 19. b3 Nd5 20. Bb1 Nc3 21. Qd3 b4 22. a3 Bh6 23. axb4 Bxc1 24. Rxc1 Ne2+ 25. Qxe2 Rxc1+ 26. Ne1 Re8 0-1

[Event "Late-Titled-Tuesday-Blitz-May-14-2024"]
[Site "Chess.com"]
[Date "2024.05.14"]
[Round "6"]
[White "crazycheesecake"]
[Black "rhwr"]
[Result "0-1"]
[WhiteElo "2120"]
[BlackElo "2296"]
[TimeControl "180+1"]
[EndTime "15:03:16 PDT"]
[Termination "rhwr won on time"]

1. e4 c5 2. Nf3 d6 3. d4 cxd4 4. Nxd4 Nf6 5. Nc3 e5 6. Nb3 Be6 7. f3 Be7 8. Be3 O-O 9. Qd2 Nbd7 10. O-O-O a6 11. g4 b5 12. h4 b4 13. Nd5 Bxd5 14.
exd5 a5 15. Kb1 a4 16. Nc1 Rb8 17. b3 a3 18. h5 e4 19. g5 Ne8 20. fxe4 Ne5 21. Be2 Nc7 22. Bd4 Bxg5 0-1

[Event "Late-Titled-Tuesday-Blitz-May-14-2024"]
[Site "Chess.com"]
[Date "2024.05.14"]
[Round "6"]
[White "AccioChess"]
[Black "ansko1999"]
[Result "0-1"]
[WhiteElo "2470"]
[BlackElo "2630"]
[TimeControl "180+1"]
[EndTime "15:03:19 PDT"]
[Termination "ansko1999 won by resignation"]

1. e4 c5 2. Nf3 Nf6 3. e5 Nd5 4. Nc3 e6 5. Nxd5 exd5 6. d4 Nc6 7. dxc5 Bxc5 8. Qxd5 d6 9. Bb5 Qa5+ 10. Bd2 Qxb5 11. O-O-O Be6 12. Qe4 d5 13. Qh4 Be7 14. Bg5 Rc8 15.
Bxe7 Nxe7 16. Nd4 Qc4 17. b3 Qc3 18. Rd3 Qxd3 0-1

[Event "Late-Titled-Tuesday-Blitz-May-14-2024"]
[Site "Chess.com"]
[Date "2024.05.14"]
[Round "6"]
[White "super_emi_26"]
[Black "PenguinPacks"]
[Result "1-0"]
[WhiteElo "2871"]
[BlackElo "2537"]
[TimeControl "180+1"]
[EndTime "15:03:33 PDT"]
[Termination "super_emi_26 won by resignation"]

1. b3 d5 2. Bb2 c5 3. e3 Nc6 4.
Nf3 Nf6 5. Bb5 g6 6. Bxc6+ bxc6 7. d3 Bg7 8. Nbd2 O-O 9. O-O Re8 10. h3 Ba6 11. Qe2 Ne4 12. Bxg7 Kxg7 13. Qe1 Nd6 14. Nb1 e5 15. Qc3 c4 16. dxc4 f6 17. Rd1 dxc4 18. Qb4 c5 19. Qxc5 Ne4 20.
Rxd8 Nxc5 21. Rxa8 Rxa8 22. Nc3 Rd8 23. b4 Ne6 24.
Rd1 Rxd1+ 25. Nxd1 Nc7 26. Nc3 Kf7 27. Nd2 Ke6 28. a4 Nd5 29. Nxd5 Kxd5 30. c3 Bc8 31.
e4+ Ke6 32. Nxc4 Bd7 33. b5 Bc8 34. f3 Bb7 35. Kf2 f5 36. Ke3 f4+ 37. Kd3 g5 38. Nd2 h5 39. Nb3 Ba8 40. c4 g4 41. hxg4 hxg4 42.
c5 g3 43. c6 Kd6 44. Kc4 a6 45. Nc5 axb5+ 46. axb5 Kc7 47. Nd3 Kd6 48. Nxe5 Kxe5 49.
Kc5 Ke6 50. b6 1-0

[Event "Late-Titled-Tuesday-Blitz-May-14-2024"]
[Site "Chess.com"]
[Date "2024.05.14"]
[Round "6"]
[White "Jahonas"]
[Black "guineo59"]
[Result "1-0"]
[WhiteElo "2375"]
[BlackElo "2213"]
[TimeControl "180+1"]
[EndTime "15:03:33 PDT"]
[Termination "Jahonas won by resignation"]

1. d4 Nf6 2. c4 g6 3. Nc3 Bg7 4.
Bg5 h6 5. Bh4 d6 6. Nf3 g5 7.
Bg3 Nh5 8. e3 Nxg3 9. hxg3 e6 10. Qc2 Nd7 11. Bd3 f5 12. g4 fxg4 13. Bg6+ Kf8 14.
Nd2 e5 15. d5 a5 16. Nce4 b6 17. Bh5 Nc5 18. Nxc5 bxc5 19. Ne4 Bf5 20. f3 gxf3 21.
O-O g4 22. gxf3 g3 23. Kg2 Bxe4 24. fxe4+ Bf6 25. Rxf6+ 1-0

[Event "Late-Titled-Tuesday-Blitz-May-14-2024"]
[Site "Chess.com"]
[Date "2024.05.14"]
[Round "6"]
[White "PepeCuenca"]
[Black "Msb2"]
[Result "0-1"]
[WhiteElo "2817"]
[BlackElo "3069"]
[TimeControl "180+1"]
[EndTime "15:03:36 PDT"]
[Termination "Msb2 won by resignation"]

1. d4 d5 2. Bf4 c5 3. e3 Nc6 4. Nf3 e6 5. Nbd2 Bd6 6. dxc5 Bxf4 7.
exf4 Qf6 8. c3 Qxf4 9. Bb5 Ne7 10. O-O O-O 11. Re1 Qc7 12. c4 d4 13. Ne4 e5 14. h3 a6 15. Ba4 f6 16. a3 Be6 17.
Rc1 a5 18. Nd6 Rad8 19. Qb3 Rb8 20. Qb6 Qxb6 21. cxb6 Nc8 22. Bxc6 Nxd6 23. Nxd4 Bxc4 24. Rxc4 Nxc4 25. Bd5+ Kh8 26. Ne6 Rfc8 0-1

[Event "Late-Titled-Tuesday-Blitz-May-14-2024"]
[Site "Chess.com"]
[Date "2024.05.14"]
[Round "6"]
[White "SpeedofLight0"]
[Black "Dexter_Dyke"]
[Result "1-0"]
[WhiteElo "3010"]
[BlackElo "2595"]
[TimeControl "180+1"]
[EndTime "15:03:38 PDT"]
[Termination "SpeedofLight0 won by checkmate"]

1. d4 Nf6 2. Nc3 c5 3. d5 e5 4. e4 d6 5. g3 h5 6. h3 Nbd7 7. Bg2 Be7 8. Nge2 Nf8 9. f4 exf4 10. gxf4 Ng6 11. Be3 Nh4 12. Bf1 Nf3+ 13. Kf2 Nh4 14.
Rg1 Nd7 15. Qd3 Ng6 16. Ke1 Bh4+ 17. Kd2 b5 18. Nxb5 O-O 19. Ng3 Qa5+ 20. Kd1 c4 21.
Qxc4 Ba6 22. Qc3 Qd8 23. Nxh5 Rc8 24. Qxg7# 1-0

[Event "Late-Titled-Tuesday-Blitz-May-14-2024"]
[Site "Chess.com"]
[Date "2024.05.14"]
[Round "6"]
[White "MagnusCarlsen"]
[Black "ViIIagra"]
[Result "1-0"]
[WhiteElo "3209"]
[BlackElo "2859"]
[TimeControl "180+1"]
[EndTime "15:03:39 PDT"]
[Termination "MagnusCarlsen won by resignation"]

1. d4 Nf6 2. c4 g6 3. Nc3 Bg7 4. e4 d6 5. Be3 Ng4 6. Bg5 h6 7. Bc1 c5 8. d5 O-O 9. h3 Nf6 10.
Be3 e6 11. Bd3 exd5 12. cxd5 b5 13. Nxb5 c4 14. Bc2 Na6 15. Ne2 Re8 16. Nec3 Nb4 17. O-O Rb8 18. Nxa7 Bd7 19. a4 Nxc2 20. Qxc2 Nxe4 21.
Nxe4 Bf5 22. Nc6 Qh4 23. Nxb8 1-0

[Event "Late-Titled-Tuesday-Blitz-May-14-2024"]
[Site "Chess.com"]
[Date "2024.05.14"]
[Round "6"]
[White "Cipy77"]
[Black "temus_galaktionov"]
[Result "0-1"]
[WhiteElo "2649"]
[BlackElo "2860"]
[TimeControl "180+1"]
[EndTime "15:03:58 PDT"]
[Termination "temus_galaktionov won by resignation"]

1. c4 c6 2. Nf3 g6 3. g3 Bg7 4.
Bg2 Nf6 5. O-O O-O 6. d4 d6 7.
Nc3 Nbd7 8. Re1 e5 9. e4 a5 10.
b3 Re8 11. h3 exd4 12. Nxd4 Nc5 13. Bf4 Nh5 14. Be3 Bd7 15. Qc2 Qc7 16. Rad1 Re7 17. Nde2 Rae8 18. Bxc5 dxc5 19. g4 Nf4 20. Qd2 Be5 21.
Nxf4 Bxf4 22. Qd3 g5 23. Ne2 Be5 24. Qe3 h6 25. Qxc5 Bc8 26. Qe3 Rd8 27. Nd4 Red7 28. Nb5 cxb5 29. Rd5 bxc4 30. bxc4 Rxd5 31. exd5 Bf4 32.
Qd4 b6 33. Qf6 Qd6 34. Qd4 Bd7 35. Be4 Re8 36. Rb1 Qc5 37. Qd3 Be5 38. Rd1 Bd6 39. Qe3 Qxe3 0-1

[Event "Late-Titled-Tuesday-Blitz-May-14-2024"]
[Site "Chess.com"]
[Date "2024.05.14"]
[Round "6"]
[White "crushernt"]
[Black "maracayo"]
[Result "0-1"]
[WhiteElo "2091"]
[BlackElo "2359"]
[TimeControl "180+1"]
[EndTime "15:03:58 PDT"]
[Termination "maracayo won by resignation"]

1. e4 d6 2. d4 Nf6 3. Nc3 c6 4. Nf3 Qa5 5. Bd3 e5 6. O-O Be7 7. Re1 O-O 8. Bd2 Qc7 9. h3 Re8 10. dxe5 dxe5 11. a4 h6 12. Qc1 Bf8 13. Be3 Nbd7 14. a5 Nc5 15. Qd2 Be6 16. b4 Nxd3 17.
Qxd3 Bxb4 18. Bd2 Rad8 19. Qe3 Bxa5 20. Nb5 cxb5 21. Bxa5 b6 22. Bc3 Nd7 23. Reb1 Rc8 24.
Bb2 a5 0-1

[Event "Late-Titled-Tuesday-Blitz-May-14-2024"]
[Site "Chess.com"]
[Date "2024.05.14"]
[Round "6"]
[White "amylazy"]
[Black "mfschulz"]
[Result "1-0"]
[WhiteElo "2456"]
[BlackElo "2290"]
[TimeControl "180+1"]
[EndTime "15:04:02 PDT"]
[Termination "amylazy won by resignation"]

1. d4 Nf6 2. Nf3 c5 3. d5 e6 4.
Nc3 exd5 5. Nxd5 Nxd5 6. Qxd5 Be7 7. e4 O-O 8. Bc4 Nc6 9. O-O d6 10. Qd1 a6 11. a4 Be6 12. Be2 d5 13. exd5 Qxd5 14.
Be3 Qxd1 15. Rfxd1 Rfd8 16. Ng5 Bxg5 17. Bxg5 f6 18.
Be3 Nd4 19. Bxd4 cxd4 20. Bf3 Rac8 21. Rd2 b6 22. Bb7 Rc5 23. Bxa6 Kf7 24. h3 Bc4 25. Bb7 Rd7 26. Be4 g6 27. Rad1 Ra5 28. Rxd4 Rxd4 29.
Rxd4 Rxa4 30. Rxc4 Rxc4 31. Bd5+ Ke7 32. Bxc4 Kd6 33.
c3 1-0

[Event "Late-Titled-Tuesday-Blitz-May-14-2024"]
[Site "Chess.com"]
[Date "2024.05.14"]
[Round "6"]
[White "Evan_Attaker"]
[Black "Art10ECHR"]
[Result "0-1"]
[WhiteElo "2644"]
[BlackElo "2504"]
[TimeControl "180+1"]
[EndTime "15:04:03 PDT"]
[Termination "Art10ECHR won by resignation"]

1. Nf3 d5 2. c4 e6 3. g3 dxc4 4. Qa4+ Qd7 5. Qxc4 c5 6. Bg2 Nc6 7. O-O Nf6 8. d3 Be7 9. Nc3 O-O 10. Qa4 a6 11. Be3 Nd5 12. Nxd5 exd5 13. Qc2 d4 14.
Bf4 Nb4 15. Qd2 Nd5 16. Rac1 b6 17. Ne5 Qe6 18. b4 Bb7 19. bxc5 Bxc5 20. Nc4 Rfe8 21. Rfe1 Bb4 22. Bxd5 Qxd5 23. e4 dxe3 24. f3 exd2 0-1

[Event "Late-Titled-Tuesday-Blitz-May-14-2024"]
[Site "Chess.com"]
[Date "2024.05.14"]
[Round "6"]
[White "Chessdude1987"]
[Black "ACollins05"]
[Result "1-0"]
[WhiteElo "2380"]
[BlackElo "2521"]
[TimeControl "180+1"]
[EndTime "15:04:05 PDT"]
[Termination "Chessdude1987 won by checkmate"]

1. e4 a6 2. d4 b5 3. Bd3 Bb7 4. Nf3 e6 5. Nc3 c5 6. dxc5 Bxc5 7. O-O d6 8. Ne2 Nf6 9. Ng3 Nbd7 10. a4 b4 11. a5 O-O 12. h3 Qc7 13. Bf4 Rfd8 14. Qe2 Ne5 15. Nd2 Nxd3 16. cxd3 Qe7 17. Nb3 Ba7 18. d4 e5 19. Nf5 Qe6 20. dxe5 dxe5 21.
Bg5 Bxe4 22. Bxf6 Bxf5 23. Bxd8 Qxb3 24. Qxe5 Bd3 25. Qe8# 1-0

[Event "Late-Titled-Tuesday-Blitz-May-14-2024"]
[Site "Chess.com"]
[Date "2024.05.14"]
[Round "6"]
[White "cukricek"]
[Black "BardArtem"]
[Result "0-1"]
[WhiteElo "2440"]
[BlackElo "2734"]
[TimeControl "180+1"]
[EndTime "15:04:06 PDT"]
[Termination "BardArtem won by resignation"]

1. g3 d5 2. Nf3 Nf6 3. Bg2 Bf5 4. O-O c6 5. d3 h6 6. Nc3 e6 7. Nd2 Be7 8. e4 Bh7 9. f4 O-O 10. Qe2 a5 11. g4 Nfd7 12. Kh1 b5 13. Nf3 a4 14. f5 b4 15. Nd1 Na6 16. fxe6 fxe6 17. exd5 exd5 18. Qe6+ Kh8 19. Qxc6 b3 20. axb3 Nb4 21.
Qc3 Rc8 22. Qd2 Rxc2 23. Qe3 Bxd3 24. Re1 Bc5 25. Qe6 Be4 26. Rf1 Rf6 0-1

[Event "Late-Titled-Tuesday-Blitz-May-14-2024"]
[Site "Chess.com"]
[Date "2024.05.14"]
[Round "6"]
[White "Ramil_Faizrakhmanov"]
[Black "SHIVACalypso"]
[Result "1-0"]
[WhiteElo "2853"]
[BlackElo "2545"]
[TimeControl "180+1"]
[EndTime "15:04:08 PDT"]
[Termination "Ramil_Faizrakhmanov won by resignation"]

1. d4 Nf6 2. c4 e6 3. Nc3 d5 4. cxd5 exd5 5. Bg5 Be7 6. e3 c6 7.
Bd3 O-O 8. Qc2 h6 9. Bh4 Be6 10. Nf3 Nbd7 11. O-O c5 12. dxc5 Nxc5 13. Bf5 Rc8 14.
Rfd1 Nce4 15. Bxf6 Nxf6 16. Nd4 Bd7 17. Bxd7 Qxd7 18. Qf5 Rfd8 19. Rac1 Qxf5 20. Nxf5 Bb4 21. a3 Bxc3 22. Ne7+ Kf8 23. Nxc8 Bxb2 24. Rb1 Bxa3 25. Nxa7 Rb8 26. Nc6 Rc8 27. Na5 Rc2 28. Rxb7 Ne4 29. Nb3 Nxf2 30. Rxd5 Be7 31. Rb8+ 1-0

[Event "Late-Titled-Tuesday-Blitz-May-14-2024"]
[Site "Chess.com"]
[Date "2024.05.14"]
[Round "6"]
[White "hblanco"]
[Black "TheWiscoIndian"]
[Result "1-0"]
[WhiteElo "2614"]
[BlackElo "2237"]
[TimeControl "180+1"]
[EndTime "15:04:09 PDT"]
[Termination "hblanco won by resignation"]

1. e4 e6 2. d4 d5 3. Nd2 dxe4 4.
Nxe4 Nd7 5. Nf3 Ngf6 6. Nxf6+ Nxf6 7. Bd3 Be7 8. Qe2 O-O 9. Bf4 b6 10. O-O-O Bb7 11. Kb1 Qd5 12. c4 Qh5 13. Bxc7 Rac8 14. Be5 Nd7 15. Bg3 Bxf3 16. gxf3 Bf6 17. Rhe1 Bxd4 18.
Be4 e5 19. Bb7 Rc5 20. f4 Qg6+ 21. Be4 Qe6 22. fxe5 Bxe5 23. f4 Bf6 24. Qd3 Nb8 25.
Bxh7+ Kh8 26. Rxe6 1-0

[Event "Late-Titled-Tuesday-Blitz-May-14-2024"]
[Site "Chess.com"]
[Date "2024.05.14"]
[Round "6"]
[White "XDPS"]
[Black "vpsetter"]
[Result "1-0"]
[WhiteElo "2806"]
[BlackElo "2542"]
[TimeControl "180+1"]
[EndTime "15:04:14 PDT"]
[Termination "XDPS won by resignation"]

1. d4 Nf6 2. Nf3 d5 3. Bf4 c5 4.
e3 Nc6 5. Nbd2 Bg4 6. c3 e6 7. Qa4 Bxf3 8. Nxf3 Nd7 9. Rd1 Be7 10. Bd3 a6 11. Bb1 b5 12. Qc2 Rc8 13. O-O Nf6 14. Bg5 Ne4 15. Bf4 g5 16. Bg3 h5 17. dxc5 h4 18.
Bd6 Bxd6 19. cxd6 g4 20. Nd4 Nxd4 21. Rxd4 h3 22. Rxe4 dxe4 23. Rd1 hxg2 24. d7+ 1-0

[Event "Late-Titled-Tuesday-Blitz-May-14-2024"]
[Site "Chess.com"]
[Date "2024.05.14"]
[Round "6"]
[White "albayo"]
[Black "Bykov_Egor"]
[Result "0-1"]
[WhiteElo "2401"]
[BlackElo "2617"]
[TimeControl "180+1"]
[EndTime "15:04:15 PDT"]
[Termination "Bykov_Egor won by resignation"]

1. c4 Nf6 2. Nc3 g6 3. e4 d6 4.
d4 Bg7 5. Nf3 O-O 6. Be2 e5 7.
d5 a5 8. Bg5 Na6 9. Nd2 h6 10.
Be3 Nh7 11. Qc2 f5 12. f3 Nf6 13. a3 Nc5 14. b3 Nh5 15. Rb1 Nf4 16. Bf1 Qg5 17.
Kf2 Ncd3+ 18. Qxd3 Nxd3+ 19. Bxd3 f4 20. Bb6 cxb6 21. Nb5 Qe7 22. Rhc1 Bd7 23. b4 Bxb5 24.
cxb5 Rfc8 25. Nc4 Qd8 26. bxa5 bxa5 27. b6 Rc5 28. a4 Rac8 29. Rc2 g5 30. h3 h5 31. Rb5 Rxb5 32. axb5 a4 33. Ra2 g4 34.
hxg4 hxg4 35. Rxa4 Qh4+ 36. Ke2 Qh2 0-1

[Event "Late-Titled-Tuesday-Blitz-May-14-2024"]
[Site "Chess.com"]
[Date "2024.05.14"]
[Round "6"]
[White "Licancabur"]
[Black "rionelG"]
[Result "1-0"]
[WhiteElo "2496"]
[BlackElo "2310"]
[TimeControl "180+1"]
[EndTime "15:04:15 PDT"]
[Termination "Licancabur won on time"]

1. f4 Nf6 2. Nf3 d6 3. g3 g6 4. Bg2 Bg7 5. O-O Nbd7 6. d3 O-O 7. e4 e5 8. f5 d5 9. Nc3 c6 10. Nh4 dxe4 11. dxe4 Qb6+ 12. Kh1 Re8 13. g4 Nc5 14.
Qf3 Qc7 15. Be3 Ncd7 16. fxg6 1-0

[Event "Late-Titled-Tuesday-Blitz-May-14-2024"]
[Site "Chess.com"]
[Date "2024.05.14"]
[Round "6"]
[White "carloseduar100"]
[Black "McCarthyStone"]
[Result "1-0"]
[WhiteElo "2262"]
[BlackElo "2432"]
[TimeControl "180+1"]
[EndTime "15:04:19 PDT"]
[Termination "carloseduar100 won by resignation"]

1. e4 e5 2. Nf3 d6 3. Nc3 Nf6 4. Bc4 Be7 5. d4 exd4 6. Nxd4 O-O 7. O-O c6 8. Bg5 Nxe4 9. Bxe7 Qxe7 10. Re1 Nxc3 11. Rxe7 Nxd1 12. Rxd1 d5 13. Bd3 Nd7 14. Nf5 Nc5 15. Nd6 Rd8 16. b4 Ne6 17. Nxf7 Rd7 18.
Nh6+ gxh6 19. Rxe6 Kg7 20. Rde1 a5 21. b5 c5 22. Re7+ Kf8 23. Re8+ Kf7 24. Bxh7 b6 25.
Bg8+ Kg7 26. Be6 Rc7 27. Bxd5 Raa7 28. c4 Bf5 29. h3 Bg6 30. Rg8+ Kf6 31. Re6+ Kf5 32.
Rgxg6 1-0

[Event "Late-Titled-Tuesday-Blitz-May-14-2024"]
[Site "Chess.com"]
[Date "2024.05.14"]
[Round "6"]
[White "doublesik"]
[Black "ReadySkate"]
[Result "0-1"]
[WhiteElo "2548"]
[BlackElo "2740"]
[TimeControl "180+1"]
[EndTime "15:04:23 PDT"]
[Termination "ReadySkate won by resignation"]

1. d4 Nf6 2. c4 g6 3. Nc3 d5 4. cxd5 Nxd5 5. e4 Nxc3 6. bxc3 Bg7 7. Bc4 c5 8. Ne2 Nc6 9. Be3 O-O 10. O-O e6 11.
Qd2 b6 12. h4 Bb7 13. h5 cxd4 14. cxd4 Rc8 15. Rac1 Na5 16. Bd3 Qd7 17. h6 Bf6 18. e5 Be7 19. Bg5 Rfd8 20. Bxe7 Qxe7 21. Qf4 Nc6 22. Rfd1 Nb4 23. Rxc8 Rxc8 24. Ng3 Nxa2 25. Ra1 Nb4 26. Be4 Bxe4 27. Nxe4 Nd5 28. Qf3 a5 29.
Nd6 Rc3 30. Qe2 Qg5 31. Ne4 Rc1+ 32. Rxc1 Qxc1+ 33. Kh2 Qxh6+ 34. Kg1 Qc1+ 35. Kh2 Kg7 36. Qf3 Qf4+ 0-1

[Event "Late-Titled-Tuesday-Blitz-May-14-2024"]
[Site "Chess.com"]
[Date "2024.05.14"]
[Round "6"]
[White "ATM622"]
[Black "campochess"]
[Result "1-0"]
[WhiteElo "2548"]
[BlackElo "2125"]
[TimeControl "180+1"]
[EndTime "15:04:27 PDT"]
[Termination "ATM622 won by resignation"]

1. d4 Nf6 2. c4 g6 3. g3 d5 4. Bg2 c6 5. Nf3 Bg7 6. O-O O-O 7. b3 a6 8. Nc3 dxc4 9. bxc4 Nbd7 10. e4 Nb6 11. c5 Nbd7 12. e5 Nd5 13. Nxd5 cxd5 14.
e6 fxe6 15. Ng5 Rf6 16. Re1 Nf8 17. Bf4 h6 18. Nf3 Rf7 19. Be5 b6 20. Bxg7 Kxg7 21. Ne5 Rf5 22. c6 Rxe5 23. dxe5 Qc7 24. Rc1 a5 25. Qd4 b5 26. f4 Qa7 27. Rc5 b4 28. Rd1 Qb6 29. Rxd5 Qxc6 30. Rc5 Qa6 31. Bxa8 Qxa8 32.
Kf2 Bd7 33. Rc7 Qe8 34. Rxd7 Nxd7 35. Qxd7 1-0

[Event "Late-Titled-Tuesday-Blitz-May-14-2024"]
[Site "Chess.com"]
[Date "2024.05.14"]
[Round "6"]
[White "VictorFcQNK"]
[Black "HajiyevKanan"]
[Result "1-0"]
[WhiteElo "2154"]
[BlackElo "2433"]
[TimeControl "180+1"]
[EndTime "15:04:31 PDT"]
[Termination "VictorFcQNK won by checkmate"]

1. d4 d5 2. Nf3 c5 3. e3 cxd4 4.
exd4 Nc6 5. c3 Nf6 6. Bd3 Bg4 7. h3 Bh5 8. Bf4 e6 9. Nbd2 Bd6 10. Bxd6 Qxd6 11. Qb3 O-O 12. O-O Rab8 13. Rfe1 b5 14. Ne5 Na5 15. Qc2 Nc4 16. b3 Na3 17. Qb2 Rfc8 18. Re3 a5 19. Rg3 Bg6 20. Nxg6 hxg6 21.
Re1 Rd8 22. Nf3 b4 23. Ne5 bxc3 24. Qxc3 Qb4 25. Qc1 Rdc8 26. Qe3 Nc2 27. Bxc2 Rxc2 28. Nxf7 Kxf7 29. Qxe6+ Kf8 30. Rxg6 Qxd4 31. Qe7+ Kg8 32.
Qxg7# 1-0

[Event "Late-Titled-Tuesday-Blitz-May-14-2024"]
[Site "Chess.com"]
[Date "2024.05.14"]
[Round "6"]
[White "deathadder96"]
[Black "noret"]
[Result "1-0"]
[WhiteElo "2875"]
[BlackElo "2153"]
[TimeControl "180+1"]
[EndTime "15:04:37 PDT"]
[Termination "deathadder96 won on time"]

1. e4 e5 2. Nf3 Nc6 3. Bc4 Bc5 4. d3 Nf6 5. Nc3 d6 6. Na4 Bb6 7. a3 h6 8. O-O O-O 9. h3 Be6 10. Bxe6 fxe6 11. c4 Qe8 12. b4 Bd4 13. Ra2 a5 14. b5 Ne7 15. Nxd4 exd4 16. f4 Ng6 17. Bd2 Kh7 18. Qf3 Qd7 19. Qf2 e5 20. f5 Ne7 21.
g4 g6 22. Qh4 Neg8 23. fxg6+ Kxg6 24. Rf5 Qg7 25. Bc1 Kh7 26. Raf2 Rf7 27. g5 Raf8 28. Rg2 Ne8 29. g6+ Qxg6 30. Rxg6 Kxg6 31. Qh5+ Kg7 32. Nb2 Nef6 33. Qh4 Ne7 34. Bxh6+ Kg6 35. Rg5+ Kh7 36. Bxf8+ 1-0

[Event "Late-Titled-Tuesday-Blitz-May-14-2024"]
[Site "Chess.com"]
[Date "2024.05.14"]
[Round "6"]
[White "Arystanner"]
[Black "HowTo2Draw"]
[Result "1/2-1/2"]
[WhiteElo "2830"]
[BlackElo "2586"]
[TimeControl "180+1"]
[EndTime "15:04:41 PDT"]
[Termination "Game drawn by repetition"]

1. d4 f5 2. e4 fxe4 3. Nc3 Nf6 4. Bg5 e6 5. Nxe4 Be7 6. Bxf6 Bxf6 7. Nf3 O-O 8. Bd3 b6 9. h4 Bb7 10. Qe2 Nc6 11.
O-O-O Nb4 12. Kb1 Nxd3 13. Qxd3 Qe7 14. Nfg5 Bxe4 15. Nxe4 g6 16. g3 Bh8 17. f4 Rf5 18.
h5 Rxh5 19. Rxh5 gxh5 20. Rh1 Qf7 21. Ng5 Qg6 22. Qf3 Rf8 23. Rxh5 h6 24. Qh1 Bg7 25. Nf3 Qxg3 26. a3 Qxf4 27. Rh3 c5 28. c3 Qe4+ 29. Ka1 cxd4 30. cxd4 Rf4 31. Qg2 Rg4 32.
Qd2 Qf4 33. Qc2 Rg3 34. Qc8+ Kh7 35. Qc2+ Kg8 36. Qc8+ Kh7 37. Qc2+ Kg8 1/2-1/2

[Event "Late-Titled-Tuesday-Blitz-May-14-2024"]
[Site "Chess.com"]
[Date "2024.05.14"]
[Round "6"]
[White "Freeeeeeeeeeeeeeeeee"]
[Black "munozmiguelangel1982"]
[Result "0-1"]
[WhiteElo "1918"]
[BlackElo "2263"]
[TimeControl "180+1"]
[EndTime "15:04:46 PDT"]
[Termination "munozmiguelangel1982 won on time"]

1. c3 d5 2. g4 c5 3. Bg2 Nc6 4.
d3 Bxg4 5. Qb3 e6 6. Qxb7 Rc8 7. Nf3 Bxf3 8. Bxf3 Nf6 9. Bg5 Be7 10. Nd2 O-O 11. Nb3 Qb6 12. Qxb6 axb6 13. Rg1 g6 14. h4 Nd7 15. h5 Bxg5 16. Rxg5 h6 17. Rg4 g5 18. Rg1 Nde5 19. Bh1 Ra8 20. f4 c4 21. Nd2 cxd3 22. fxe5 Nxe5 23. Nf3 Nc4 24. exd3 Nxb2 25. Kd2 Na4 0-1

[Event "Late-Titled-Tuesday-Blitz-May-14-2024"]
[Site "Chess.com"]
[Date "2024.05.14"]
[Round "6"]
[White "LUISMIGUELOV"]
[Black "ShahMatKanal"]
[Result "0-1"]
[WhiteElo "2223"]
[BlackElo "2388"]
[TimeControl "180+1"]
[EndTime "15:04:47 PDT"]
[Termination "ShahMatKanal won by checkmate"]

1. d4 d5 2. c3 c5 3. dxc5 e5 4.
b4 a5 5. Bb2 Nf6 6. a3 b6 7.
cxb6 Qxb6 8. e3 Nc6 9. b5 Nd8 10. a4 Bd6 11. Nf3 O-O 12. Be2 Bb7 13. O-O Ne6 14.
Ba3 Nc5 15. Bxc5 Qxc5 16. Qc2 Rac8 17. Rc1 Ne4 18. Nfd2 f5 19. Nxe4 fxe4 20. Nd2 Rxf2 21. Kxf2 Qxe3+ 22. Ke1 Bc5 23. Nf1 Qf2+ 24. Kd1 Rf8 25.
Ra2 Kh8 26. Ng3 Qg1+ 27. Bf1 Rxf1+ 28. Nxf1 Qxf1+ 29. Kd2 e3# 0-1

[Event "Late-Titled-Tuesday-Blitz-May-14-2024"]
[Site "Chess.com"]
[Date "2024.05.14"]
[Round "6"]
[White "sergoy"]
[Black "Nor1lsk"]
[Result "1-0"]
[WhiteElo "3010"]
[BlackElo "2785"]
[TimeControl "180+1"]
[EndTime "15:04:48 PDT"]
[Termination "sergoy won by checkmate"]

1. d4 g6 2. c4 Bg7 3. Nf3 c5 4. d5 d6 5. e4 e6 6. Nc3 Ne7 7. dxe6 Bxe6 8. Bf4 Nbc6 9. Qd2 O-O 10. h4 h5 11. Bh6 Qa5 12. Bxg7 Kxg7 13. Ng5 Nd4 14.
Bd3 Bg4 15. f3 Bd7 16. g4 f6 17. O-O-O fxg5 18. Qxg5 Rf6 19. gxh5 Nxf3 20. h6+ Kf7 21.
Qg3 Ne5 22. Rhf1 Rxf1 23. Rxf1+ Kg8 24. Be2 Kh7 25. Qg5 Ng8 26. h5 Be8 27. Rf8 Qc7 28. Nd5 Qd8 29. Qg3 g5 30. Bg4 Kxh6 31. Rxg8 Qa5 32. Bf5 Qxa2 33. Qxg5# 1-0